Map: Cyber Forest LE

Players

LiquidTLO (TLO)

  • Race: Zerg Zerg
  • League: Grandmaster
  • Spawn Location: 11:00

liquidthermy (uThermal) - Winner!

  • Race: Terran Terran
  • Spawn Location: 5:00

Event: HomeStory Cup XIX

VOD

Have the link to the VOD?

Description

Time

  • Played on: June 27, 2019, 3:51 p.m.
  • Length: 9:57

All games in this series

Show
View Real Time Build Order
Export as new Build Order

LiquidTLO Zerg 

Build Orders: Hatch First 

Get SALT Encoding   

  12  0:00  Drone  
  13  0:12  Overlord  
  13  0:17  Drone  
  14  0:30  Drone  
  14  0:31  Drone  
  16  0:50  Hatchery  
  16  0:53  Drone  
  16  0:56  Drone  
  17  0:59  Drone  
  18  1:08  Extractor  
  17  1:15  Spawning Pool  
  17  1:18  Drone  
  17  1:21  Drone  
  18  1:28  Drone  
  19  1:38  Drone  
  20  1:49  Overlord  
  20  2:01  Queen  
  20  2:02  Queen  
  20  2:03  Zergling x4  
  26  2:08  Metabolic Boost  
  26  2:11  Drone  
  26  2:13  Drone  
  28  2:22  Drone  
  29  2:32  Overlord  
  29  2:35  Drone  
  29  2:37  Drone, Queen  
  29  2:43  Queen  
  34  2:49  Overlord  
  34  2:52  Drone  
  34  2:55  Drone  
  34  2:56  Drone  
  37  3:05  Drone  
  37  3:06  Drone  
  37  3:08  Drone  
  37  3:11  Drone  
  37  3:12  Drone x2  
  43  3:14  Drone  
  44  3:29  Overlord  
  44  3:31  Hatchery  
  44  3:34  Drone  
  43  3:36  Overlord  
  43  3:40  Drone  
  44  3:46  Drone x2  
  44  3:47  Drone  
  47  3:52  Queen  
  49  3:58  Baneling Nest  
  49  3:59  Zergling x2  
  49  4:01  Zergling x2  
  49  4:02  Zergling x6  
  53  4:11  Queen  
  53  4:12  Overlord  
  53  4:15  Drone  
  53  4:16  Drone  
  57  4:17  Evolution Chamber  
  57  4:18  Drone  
  57  4:19  Drone  
  57  4:21  Drone  
  57  4:23  Drone  
  60  4:24  Drone  
  60  4:28  Drone  
  60  4:30  Drone  
  63  4:34  Drone  
  63  4:35  Drone x2  
  66  4:39  Zergling x2  
  66  4:42  Zerg Ground Armor Level 1  
  66  4:43  Drone  
  66  4:45  Queen  
  70  4:47  Drone  
  70  4:52  Overlord  
  71  4:55  Zergling x6  
  71  4:58  Extractor  
  71  4:59  Zergling x6  
  76  5:01  Zergling x2  
  76  5:05  Zergling x2  
  76  5:06  Overlord  
  78  5:08  Zergling x4  
  78  5:11  Spine Crawler  
  79  5:15  Zergling x2  
  79  5:17  Zergling x2  
  81  5:25  Drone  
  79  5:30  Drone  
  79  5:32  Lair  
  79  5:34  Extractor  
  79  5:37  Drone x5  
  84  5:47  Zergling x2, Spore Crawler  
  84  5:48  Hatchery  
  84  5:49  Zergling x2  
  84  5:50  Zergling x2  
  84  5:51  Zergling x2  
  84  5:53  Zergling x2  
  84  5:55  Zergling x2  
  84  5:56  Zergling x2  
  88  5:57  Drone, Evolution Chamber  
  88  5:58  Overlord  
  88  5:59  Zergling x4  
  88  6:01  Spore Crawler  
  88  6:02  Drone x2  
  91  6:07  Zergling x2  
  91  6:10  Zergling x4  
  94  6:18  Overlord  
  91  6:21  Zergling x8  
  95  6:25  Zerg Melee Weapons Level 1  
  95  6:28  Baneling x7  
  95  6:29  Baneling x2  
  95  6:32  Zergling x4  
  97  6:33  Zergling x2, Hatchery  
  97  6:34  Zergling x2  
  97  6:39  Centrifical Hooks  
  98  6:42  Zergling x4  
  98  6:44  Zergling x2  
  98  6:47  Baneling x3  
  101  6:50  Zergling x2  
  102  7:05  Zergling x22  
  96  7:10  Baneling x8  
  96  7:12  Zergling x2  
  96  7:13  Zergling x6  
  99  7:16  Zergling x6  
  99  7:17  Baneling  
  99  7:21  Zergling x2  
  103  7:23  Zergling x4  
  103  7:26  Zergling x4  
  103  7:29  Zergling x2  
  106  7:34  Zergling x2  
  106  7:36  Zergling x2  
  105  7:37  Zergling x2  
  105  7:39  Zergling x4  
  105  7:42  Zergling x2  
  105  7:43  Zergling x4  
  111  7:44  Baneling x2  
  111  7:45  Baneling x2  
  111  7:49  Zergling x2  
  110  7:51  Zergling x2  
  110  7:52  Zergling x6  
  110  7:55  Zergling x2  
  113  8:02  Zergling x2  
  100  8:08  Zergling x2  
  100  8:09  Drone  
  100  8:10  Drone x3  
  100  8:11  Drone x2  
  94  8:13  Drone  
  94  8:18  Zergling x2  
  90  8:22  Zergling x2  
  87  8:31  Zergling x2  
  87  8:32  Zergling x6, Drone  
  79  8:35  Zergling x2  
  79  8:36  Zergling x2  
  79  8:37  Zergling x2  
  79  8:39  Zergling x2  
  81  8:41  Zergling x2  
  81  8:42  Zergling x2  
  81  8:43  Zergling x2  
  81  8:45  Baneling  
  81  8:46  Baneling x2, Zergling x2  
  81  8:47  Zergling x4  
  87  8:52  Zergling x2  
  85  8:57  Zergling x2  
  85  8:58  Zergling x2  
  82  9:02  Zergling x2, Queen  
  82  9:07  Queen  
  82  9:12  Zergling x4  
  82  9:13  Zergling x2  
  85  9:21  Zergling x4  
  85  9:23  Baneling x13  
  87  9:25  Zergling x2  
  87  9:30  Zergling x2  
  89  9:32  Zergling x2  
  88  9:39  Zergling x2  
  88  9:45  Hatchery  
Show
View Real Time Build Order
Export as new Build Order

liquidthermy Terran - Winner!

Build Orders: Reaper Expand 

Get SALT Encoding   

  12  0:01  SCV  
  13  0:13  SCV  
  14  0:16  Supply Depot  
  14  0:25  SCV  
  15  0:38  SCV  
  15  0:40  Barracks  
  16  0:43  Refinery  
  16  0:50  SCV  
  17  1:02  SCV  
  18  1:14  SCV  
  19  1:27  Orbital Command, Reaper  
  20  1:40  Command Center  
  20  1:51  Barracks  
  20  1:54  SCV  
  20  1:59  Barracks Reactor  
  21  2:06  SCV  
  22  2:09  Supply Depot  
  22  2:18  SCV  
  22  2:20  Refinery  
  22  2:30  SCV  
  22  2:34  Factory  
  22  2:35  Marine x2  
  25  2:40  Barracks Tech Lab  
  25  2:43  SCV  
  26  2:51  Orbital Command  
  26  2:55  SCV  
  26  2:56  Marine x2  
  29  3:00  Marine  
  30  3:06  Stimpack  
  30  3:08  SCV  
  31  3:14  Marine x2  
  31  3:17  Marine  
  31  3:18  SCV  
  35  3:25  SCV  
  36  3:27  Supply Depot  
  36  3:32  Marine  
  36  3:34  Starport  
  36  3:35  SCV  
  36  3:37  Factory Reactor  
  36  3:40  Marine x2  
  39  3:46  Supply Depot  
  39  3:48  SCV  
  40  3:49  SCV  
  40  3:54  Marine  
  42  3:57  Marine  
  42  4:00  SCV  
  42  4:01  Marine, SCV  
  46  4:10  Supply Depot  
  46  4:12  Marine, SCV  
  46  4:14  SCV  
  46  4:15  Marine  
  50  4:17  Medivac  
  50  4:19  Medivac  
  50  4:20  Marine  
  55  4:24  SCV  
  55  4:26  Engineering Bay  
  55  4:28  SCV  
  57  4:31  Marine  
  57  4:33  Marine  
  57  4:36  SCV  
  57  4:37  Factory Tech Lab  
  60  4:40  Refinery, SCV  
  60  4:42  Supply Depot  
  60  4:43  Marine  
  62  4:48  SCV  
  63  4:57  Siege Tank, Barracks, Marine  
  63  4:58  SCV  
  68  5:00  Starport Reactor  
  68  5:04  Terran Infantry Weapons Level 1  
  68  5:05  SCV  
  69  5:09  Supply Depot  
  69  5:11  Marine, SCV  
  69  5:12  Marine  
  72  5:21  SCV  
  73  5:25  SCV  
  73  5:26  Marine  
  71  5:29  Siege Tank, Marine  
  71  5:31  Marine, Supply Depot  
  71  5:33  Combat Shield, SCV  
  77  5:37  SCV  
  77  5:41  Medivac  
  80  5:44  Marine  
  80  5:46  Marine  
  80  5:47  Marine x2, Supply Depot  
  80  5:48  SCV  
  85  5:50  Marine  
  85  5:54  Supply Depot  
  86  5:59  SCV  
  86  6:01  Siege Tank  
  86  6:03  Supply Depot  
  90  6:05  Marine  
  90  6:06  Refinery  
  90  6:09  Marine x2  
  90  6:10  Marine  
  94  6:12  Marine  
  95  6:23  Marine  
  96  6:27  Marine x2  
  96  6:28  Marine  
  96  6:29  Marine  
  100  6:33  Siege Tank  
  103  6:40  Marine  
  103  6:43  Medivac  
  103  6:44  Command Center  
  103  6:45  Marine x2, Medivac  
  103  6:46  Marine  
  111  6:51  Marine  
  112  6:58  Marine  
  113  7:03  Marine  
  108  7:09  Marine x3  
  108  7:10  Siege Tank  
  108  7:12  Terran Infantry Armor Level 1  
  108  7:13  Medivac  
  116  7:16  Marine  
  116  7:20  Marine  
  118  7:24  Barracks x2  
  118  7:26  Supply Depot  
  118  7:45  Marine, SCV  
  118  7:46  Supply Depot  
  118  7:47  Marine x4  
  118  7:48  SCV, Medivac  
  123  7:58  SCV, Supply Depot  
  123  8:03  Marine  
  123  8:05  Marine x4  
  125  8:07  Medivac  
  125  8:10  SCV  
  125  8:12  Siege Tank  
  104  8:16  Barracks Reactor  
  104  8:17  Orbital Command  
  104  8:20  Medivac  
  104  8:21  Marine  
  104  8:23  Marine x2  
  104  8:26  Marine x2  
  109  8:32  SCV  
  109  8:33  Marine, SCV  
  106  8:37  Medivac  
  106  8:39  Marine  
  109  8:46  Armory  
  109  8:47  Marine x2, Engineering Bay  
  111  8:50  Marine  
  111  8:51  Marine  
  111  8:53  Marine  
  114  8:56  Marine  
  114  8:57  Marine  
  114  9:00  Marine  
  106  9:04  Siege Tank  
  106  9:05  Marine  
  106  9:06  Marine  
  106  9:08  Marine  
  106  9:09  Marine, SCV x2  
  115  9:12  Marine  
  115  9:20  Marine, SCV  
  115  9:21  SCV x2, Sensor Tower  
  115  9:22  Marine  
  115  9:23  Marine  
  121  9:25  Marine  
  121  9:29  Marine  
  121  9:30  Marine x2  
  125  9:33  SCV x2  
  124  9:38  Marine  
  124  9:41  SCV  
Tags
 
Add a new tag
Caveats
  • Supply blocks, unpowered buildings, or Contaminate may cause inaccurate times.
  • Supply counts are checked every 10 seconds.